 Dungeon Crawl Stone Soup version 0.26.1-11-gd32895ea62 (webtiles) character file.

Game seed: 7790063757827251471

147 Descartes the Sneak (level 5, -3/22 HPs)
             Began as a Felid Transmuter on Apr 15, 2021.
             Slain by an iguana (10 damage)
             ... on level 4 of the Dungeon.
             The game lasted 00:05:43 (4151 turns).

Descartes the Sneak (Felid Transmuter)              Turns: 4151, Time: 00:05:44

Health: -3/22      AC:  2    Str:  8    XL:     5   Next: 7%
Magic:  7/9        EV: 19    Int: 15    God:
Gold:   219        SH:  0    Dex: 16    Spells: 5/8 levels left
                                        Lives:  0   Deaths: 1

rFire    + . .     SeeInvis +     - Unarmed
rCold    . . .     Faith    .   (shield unavailable)
rNeg     . . .     Spirit   .   (armour unavailable)
rPois    .         Reflect  .   (helmet unavailable)
rElec    .         Harm     .   (cloak unavailable)
rCorr    .         Rampage  .   (gloves unavailable)
Will     .....                  (boots unavailable)
Stlth    ++++......             (no amulet)
HPRegen  0.07/turn              h - ring of protection from fire
MPRegen  0.11/turn              (no ring)

@: appendages, wereblooded, quick
A: very small, no armour, no weapons or thrown items, stealth, claws 1, fangs 3,
horns 2, see invisible, speed 1, shaggy fur 2, sharp paws
a: End Transformation


You were on level 4 of the Dungeon.
You had grown temporary horns.
You visited 1 branch of the dungeon, and saw 4 of its levels.

You collected 219 gold pieces.

Inventory:

Missiles
 a - 116 stones
 c - 62 arrows
Jewellery
 h - a ring of protection from fire (left paw)
 t - a cursed ring of teleportation {unknown}
Wands
 w - a wand of random effects (16)
Scrolls
 b - 2 scrolls of remove curse {unknown}
 e - 2 scrolls of enchant armour {unknown}
 f - a scroll of fear {unknown}
 j - 2 scrolls of teleportation
 o - a scroll of enchant weapon {unknown}
 p - a scroll of noise {unknown}
 s - a scroll of magic mapping
 u - a scroll of blinking {unknown}
 v - a scroll of fog {unknown}
Potions
 d - 2 potions of resistance
 g - a potion of lignification
 i - a potion of haste {unknown}
 k - 2 potions of heal wounds
 l - a potion of flight {unknown}
 m - a potion of curing {unknown}
 n - 2 potions of berserk rage
 q - a potion of might {unknown}
 r - 2 potions of degeneration {unknown}


   Skills:
 - Level 1.0 Fighting
 + Level 4.3 Dodging
 + Level 6.6 Stealth
 + Level 4.0 Unarmed Combat
 - Level 2.0 Spellcasting
 - Level 2.1 Transmutations


You had 5 spell levels left.
You knew the following spells:

 Your Spells              Type           Power        Failure   Level
a - Beastly Appendage     Tmut           16%          9%          1
b - Wereblood             Tmut           8%           14%         2

Your spell library contained the following spells:

 Spells                   Type           Power        Failure   Level
 Animate Skeleton         Necr           2%           22%         1
 Apportation              Tloc           2%           22%         1
 Corona                   Hex            1%           22%         1
 Summon Small Mammal      Summ           4%           22%         1
 Spider Form              Tmut/Pois      2%           38%         3
 Ice Form                 Ice/Tmut       4%           80%         4
 Blade Hands              Tmut           4%           94%         5


Dungeon Overview and Level Annotations

Branches:
Dungeon (4/15)
 Temple: D:4-7

Altars:


Innate Abilities, Weirdness & Mutations

You cannot wear armour.
You are incapable of wielding weapons or throwing items.
Your paws allow you to move quietly. (Stealth)
You have sharp claws.
You have razor-sharp teeth.
You have supernaturally acute eyesight. (SInv)
You cover ground quickly.
You are covered in thick fur. (AC +2)
Your sharp claws are effective at attacking unaware monsters.
You have a pair of horns on your head.


Message History

Your horns disappear.
The iguana misses you.
You scratch the iguana.
The iguana is heavily wounded.
The iguana barely misses you.
You closely miss the iguana. You bite the iguana, but do no damage.
The iguana is heavily wounded.
The iguana bites you!
Ouch! That really hurt!
You are too injured to fight recklessly!
Casting: Wereblood (safe; 14% risk of failure)
Confirm with . or Enter, or press ? or * to list all spells.
You grow a pair of large bovine horns.
The iguana misses you.
You scratch the iguana.
The iguana is almost dead.
The iguana misses you.
You barely miss the iguana.
The iguana is almost dead.
The iguana bites you!
You die...

,,,,,,,*,,,+<,,,* ***,*,,*****,*
**,*****,,,*########,,,*,,,,,,,,*
**,* *,,,*#....†.#,***,*,****,*
,*,* *,,,*#..)†..#,* *,*,* *,*
,*,*** *,,,*#..)...#,***,*,****+*
,,,,,* *****#...[..#,,,,,*,**,,,,
,,,,,****####...)..#***###,,*,,,,
,,,,,,,,,......l...+,,...#*,*,,,,
,,,,,*,,,..#....@l?###....*,*,,,,
,,,,,*,**#,#.###..........*,***,*
,,,,,,,***,#.* #........##*,,**,*
*,,,,,,,,,,#<* #..........,,,,,,*
*,,,,**********###.#######,,,,,,*
***,,,,,,,,,,,,,*#.# *,,,,,,*
**,***********,*#.# *,,,,,,*
*,,,,* *,*#.# ****,,,,,,* *,,*,*
*,*#[# *,,+,,,,,,*


You could see 2 iguanas.

Vanquished Creatures
  A scorpion (D:4)
  2 orc wizards (D:4)
  3 gnolls (D:2)
  5 adders
  An ooze (D:3)
  4 worms
  6 dart slugs
  2 leopard geckos (D:3)
  8 orcs
  A ball python (D:1)
  8 bats
  2 giant cockroaches
  10 hobgoblins
  2 jackals (D:3)
  A quokka (D:3)
  4 frilled lizards
  7 goblins
  8 kobolds
  6 rats
81 creatures vanquished.

Notes
Turn   | Place    | Note
-------+----------+-------------------------------------------
     0 | D:1      | Descartes the Felid Transmuter began the quest for the Orb.
     0 | D:1      | Reached XP level 1. HP: 9/9 MP: 4/4
    46 | D:1      | Reached skill level 1 in Stealth
   161 | D:1      | Reached skill level 2 in Stealth
   230 | D:1      | Reached XP level 2. HP: 12/12 MP: 4/6
   262 | D:1      | Reached skill level 3 in Stealth
   436 | D:1      | Reached skill level 4 in Stealth
   440 | D:1      | Reached XP level 3. HP: 4/15 MP: 5/7
  1699 | D:2      | Reached skill level 5 in Stealth
  1836 | D:2      | Reached XP level 4. HP: 19/19 MP: 8/8
  2091 | D:2      | Learned a level 2 spell: Wereblood
  2614 | D:3      | Reached XP level 5. HP: 8/22 MP: 9/9
  2916 | D:3      | Reached skill level 6 in Stealth
  4121 | D:4      | Gained mutation: You are covered in thick fur. (AC +2)
                  | [Felid growth]
  4121 | D:4      | Reached XP level 6. HP: 9/25 MP: 6/10
  4123 | D:4      | Slain by an iguana
  4124 | D:4      | Reached XP level 5. HP: 0/22 MP: 7/9
  4151 | D:4      | Slain by an iguana

Illustrated notes

Levels and vault maps discovered:
D:1:      saegor_arrival_simple_c, layout_loops_ring
D:2:      layout_loops_corners, kennysheep_cluttered_room
D:3:      layout_loops_ring
D:4:      layout_basic, nicolae_ossuary_entry_catacombs,
          uniq_crazy_yiuf_cottage, uniq_blork_the_orc, uniq_sigmund

Skill      XL: |  1  2  3  4  5 |
---------------+----------------+-----
Stealth        | 2 4 5 6 |  6.6
Dodging        | 3 4 |  4.3
Unarmed Combat | 4 |  4.0
Fighting       | |  1.0
Spellcasting   | |  2.0
Transmutations | |  2.1

Action                   |  1- 3 |  4- 6 || total
-------------------------+-------+-------++-------
Melee: Unarmed           |    85 |   123 ||   208
       Headbutt          |    11 |    20 ||    31
       Bite              |     4 |     9 ||    13
       Punch             |       |     1 ||     1
 Cast: Beastly Appendage |    24 |    27 ||    51
       Wereblood         |       |    12 ||    12
  Use: Scroll            |       |     6 ||     6
 Stab: Sleeping          |     6 |    12 ||    18
Armor: Skin              |     7 |     7 ||    14
Dodge: Dodged            |    53 |   100 ||   153
